 Dungeon Crawl Stone Soup version 0.30-b1-2-g02819fbbbe (webtiles) character file.

Game seed: 3207518094303450148

120 ThijsNL the Chopper (level 4, 41/41 HPs)
             Began as a Minotaur Berserker on Sept 19, 2023.
             Was a Believer of Trog.
             Quit the game on level 3 of the Dungeon.
             The game lasted 00:23:51 (1689 turns).

ThijsNL the Chopper (Minotaur Berserker)            Turns: 1689, Time: 00:23:52

Health: 41/41      AC: 14    Str: 24    XL:     4   Next: 75%
Magic:  3/3        EV:  7    Int:  4    God:    Trog [**....]
Gold:   91         SH:  0    Dex:  9    Spells: 3/3 levels left

rFire   . . .        a - +0 hand axe
rCold   . . .        (no shield)
rNeg    . . .        g - +0 plate armour
rPois   .            (helmet restricted)
rElec   .            c - scarf {shadows}
rCorr   .            (no gloves)
SInv    .            d - +2 pair of boots
Will    .....        (no amulet) Stlth
                     (no ring)
HPRegen 0.26/turn    (no ring)
MPRegen 0.08/turn

%: no passive effects
@: hasted, very quick
A: horns 2, retaliatory headbutt
a: Renounce Religion, Berserk, Trog's Hand


You were on level 3 of the Dungeon.
You worshipped Trog.
Trog was pleased with you.
You visited 1 branch of the dungeon, and saw 3 of its levels.

You collected 91 gold pieces.

Inventory:

Hand Weapons
 a - a +0 hand axe (weapon)
 b - a +0 long sword
 m - a +0 mace
 p - a +0 trident
Missiles
 q - 9 stones (quivered)
Armour
 c - a scarf of shadows (worn)
 d - a +2 pair of boots (worn)
 g - a +0 plate armour (worn)
 l - a +0 robe
 n - a +0 chain mail
 o - a +0 robe
Potions
 f - a potion of mutation {unknown}
 i - a potion of lignification {unknown}
 j - 2 potions of resistance {unknown}
 k - a potion of degeneration {unknown}


   Skills:
 + Level 4.6 Fighting
 + Level 5.3 Axes
 + Level 2.7 Armour
 + Level 3.0 Dodging
 + Level 0.2 Stealth


You had 3 spell levels left.
You didn't know any spells.
Your spell library was empty.

Dungeon Overview and Level Annotations

Branches:
Dungeon (3/15)

Altars:
Nemelex Xobeh
Qazlal
Sif Muna
Uskayaw
Wu Jian

Shops:
D:2 ([


Innate Abilities, Weirdness & Mutations

You have a pair of horns on your head.
You reflexively headbutt those who attack you in melee.


Message History

There is a stone staircase leading up here.
q - 9 stones (gained 1)
You see here a +0 short sword.
You open the door.
A kobold comes into view. It is wielding a +0 club.
A hobgoblin comes into view.
The hobgoblin shouts!
There is an open door here.
Found a robe.
You hit the kobold.
You kill the kobold!
Trog accepts your kill.
Things that are here:
a +0 club; 3 stones
Found a smoky puce potion.
You closely miss the hobgoblin.
The hobgoblin hits you but does no damage.
You closely miss the hobgoblin. Your headbutt misses the hobgoblin.
The hobgoblin hits you.
You hit the hobgoblin but do no damage.
The hobgoblin hits you but does no damage.
You hit the hobgoblin. Your headbutt misses the hobgoblin.
The hobgoblin is heavily wounded.
The hobgoblin hits you but does no damage.
You closely miss the hobgoblin. You headbutt the hobgoblin.
You kill the hobgoblin!
Trog accepts your kill.
You see here a hobgoblin corpse.
You see here a +0 robe.
k - a smoky puce potion You see here a +0 robe.
o - a +0 robe
There is an open door here.
As you read the scroll of teleportation, it crumbles to dust.
You feel strangely unstable.
As you read the scroll of teleportation, it crumbles to dust.
You feel strangely stable.
You feel yourself speed up.
You feel as though your hastened speed will last longer.
Are you sure you want to abandon this character and quit the game? (Confirm with "yes".)

#...#....>#§§..≈.#.≈...≈# #
#...#.....#≈≈..≈...≈...§# #
#...#.....##≈..≈≈≈.≈...§# #
#....).....#§≈....#...§§# #
#..........##≈≈.......§§###
#...##.#....##≈≈≈....≈§##..
#...##.#.....###§≈≈≈≈§##.##
#...##.........#########...
#######...@.......# #..#
#...........# ###..#
#..)###..#### ##.....
#.#.<.#.## ##....#.
#.###.###### #.......
#..........###...#.##
##.......8...##...#.##
#.........._..#.......
##########....###.<.#.


There were no monsters in sight!

Vanquished Creatures
  An iguana (D:2)
  Robin (D:2)
  3 adders
  2 dart slugs (D:2)
  2 bats
  3 endoplasms
  5 giant cockroaches
  11 goblins
  6 hobgoblins
  2 kobolds (D:3)
  A quokka (D:2)
  5 ball pythons
  4 frilled lizards
  2 rats
48 creatures vanquished.

Notes
Turn   | Place    | Note
-------+----------+-------------------------------------------
     0 | D:1      | ThijsNL the Minotaur Berserker began the quest for the Orb.
     0 | D:1      | Reached XP level 1. HP: 19/19 MP: 0/0
     6 | D:1      | You fall into a shaft and drop 1 floor!
   116 | D:2      | Noticed Robin
   118 | D:2      | Found Forghefi's Antique Weapon Emporium.
   131 | D:2      | Reached XP level 2. HP: 15/27 MP: 1/1
   132 | D:2      | Reached skill level 4 in Axes
   147 | D:2      | Killed Robin
   194 | D:2      | Reached XP level 3. HP: 21/33 MP: 2/2
   363 | D:2      | Reached XP level 4. HP: 24/41 MP: 3/3
   439 | D:2      | Reached ** piety under Trog
  1007 | D:2      | Reached skill level 5 in Axes
  1022 | D:2      | Found Lakhlune's Antique Armour Emporium.
  1154 | D:3      | Found a hide-covered altar of Uskayaw.
  1216 | D:3      | Found a shimmering blue altar of Sif Muna.
  1220 | D:3      | Found a sparkling altar of Nemelex Xobeh.
  1226 | D:3      | Found an ornate altar of the Wu Jian Council.
  1232 | D:3      | Found a stormy altar of Qazlal.
  1689 | D:3      | Quit the game

Illustrated notes

Levels and vault maps discovered:
D:1:      heliophobic_arrival_enchanted_forest, layout_rooms,
          minmay_tromino_mix6
D:2:      layout_basic, serial_shops, shop, shop, st_stairs_6, uniq_robin
D:3:      minmay_spotlight, layout_rooms, nicolae_overflow_hallway_of_the_gods,
          kennysheep_potato

Skill      XL: |  1  2  3  4 |
---------------+-------------+-----
Axes           | 4 5 |  5.3
Fighting       | 4 |  4.6
Dodging        | 3 |  3.0
Armour         | |  2.7
Stealth        | |  0.2

Action                     |  1- 3 |  4- 6 || total
---------------------------+-------+-------++-------
  Melee: Hand axe          |    51 |    55 ||   106
         Headbutt          |     7 |    10 ||    17
         Punch             |     2 |     1 ||     3
    Use: Scroll            |     1 |     7 ||     8
         Potion            |       |     2 ||     2
 Armour: Animal skin       |    23 |     1 ||    24
         Plate armour      |       |    25 ||    25
         Leather armour    |       |     1 ||     1
  Dodge: Dodged            |    32 |    13 ||    45
